 Dungeon Crawl Stone Soup version 0.31.0-11-ge490571c62 (webtiles) character file.

Game seed: 2003534792678552666

801 Marvel the Sneak (level 7, 0/46 HPs)
             Began as an Octopode Shapeshifter on Feb 7, 2024.
             Slain by a jelly (3 damage)
             ... on level 5 of the Dungeon.
             The game lasted 00:06:56 (2655 turns).

Marvel the Sneak (Octopode Shapeshifter)            Turns: 2655, Time: 00:06:56

Health: 0/46       AC: -11   Str: 13    XL:     7   Next: 90%
Magic:  7/7        EV: 14    Int: 12    God:
Gold:   164        SH:  0    Dex: 14    Spells: 6/6 levels left

rFire   . . .        s - +1 short sword (vamp)
rCold   . . .        (no shield)
rNeg    . . .        (helmet currently unavailable)
rPois   .            (no amulet)
rElec   .            (no ring)
rCorr   .            (no ring)
SInv    .            (no ring)
Will    .....        (no ring)
Stlth   ++++         (no ring)
HPRegen 0.27/turn    (no ring)
MPRegen 0.10/turn    (no ring)
                     (no ring)

%: no passive effects
@: beast-form, corroded
A: beast (slay +2), almost no armour, amphibious, 8 rings, camouflage 1,
gelatinous body 1, (nimble swimmer 1), tentacles
a: Begin Untransformation


You were on level 5 of the Dungeon.
You were a hulking beast.
You visited 1 branch of the dungeon, and saw 7 of its levels.

You collected 164 gold pieces.

Inventory:

Hand Weapons
 j - a +1 dagger of speed
 s - a +1 vampiric short sword (weapon)
Missiles
 e - 4 curare-tipped darts (quivered)
 i - 16 poisoned darts
Jewellery
 o - a ring of protection from cold
 p - an amulet of the acrobat
 t - a ring of fire
Talismans
 b - a beast talisman (active)
 c - a flux talisman
Wands
 n - a wand of roots (8)
 A - a wand of polymorph (5)
Scrolls
 f - a scroll of blinking {unknown}
 m - a scroll of poison {unknown}
 r - a scroll of amnesia {unknown}
 u - a scroll of fear {unknown}
 x - a scroll of identify {unknown}
 y - a scroll of immolation {unknown}
Potions
 a - 2 potions of lignification
 d - 4 potions of curing {unknown}
 g - 2 potions of degeneration {unknown}
 h - a potion of cancellation {unknown}
 k - a potion of heal wounds
 l - 2 potions of brilliance {unknown}
 q - a potion of might {unknown}
 v - a potion of attraction {unknown}
 w - a potion of haste {unknown}
 z - a potion of invisibility


   Skills:
 + Level 3.2 Fighting
 + Level 3.3 Short Blades
 + Level 0.1 Throwing
 + Level 3.4 Dodging
 + Level 6.7 Stealth
 - Level 3.6 Unarmed Combat
 + Level 4.4 Shapeshifting


You had 6 spell levels left.
You didn't know any spells.
Your spell library contained the following spells:

 Spells                   Type           Power      Damage    Failure   Level
 Apportation              Tloc           0%         N/A       32%         1
 Freeze                   Ice            0%         1d3       32%         1
 Necrotise                Necr           0%         1d4       32%         1
 Sting                    Conj/Alch      0%         1d3       32%         1
 Summon Small Mammal      Summ           0%         N/A       32%         1
 Frozen Ramparts          Ice            0%         1d1       69%         3
 Hailstorm                Conj/Ice       0%         3d5       69%         3
 Vampiric Draining        Necr           0%         2d6       69%         3
 Manifold Assault         Tloc           0%         N/A       97%         4
 Martyr's Knell           Necr/Summ      0%         N/A       97%         4
 Curse of Agony           Necr           0%         N/A       100%        5
 Dispersal                Tloc           0%         N/A       100%        6
 Disjunction              Tloc           0%         N/A       100%        8


Dungeon Overview and Level Annotations

Branches:
Dungeon (7/15)
 Temple: D:4-7

Altars:
Kikubaaqudgha
Nemelex Xobeh
Sif Muna

Annotations:
D:3 3 runed translucent doors, Couri's ghost, amateur OnWr


Innate Abilities, Weirdness & Mutations

You are a hulking beast.
Your limbs bulge with bestial killing power. (Slay +2)
You cannot wear most types of armour.
You are amphibious.
You can wear up to eight rings at the same time.
Your skin changes colour to match your surroundings (Stealth+).
Your rubbery body absorbs attacks. (AC +1, EV +1)
((You are camouflaged when in or above water. (Stealth+)))
You have tentacles for arms and can constrict up to eight enemies at once.


Message History

Press: ? - help, Q - select action, (/) - cycle Shift-Dir - straight line, f - jelly
Aim: a jelly (89% to hit)
You throw a curare-tipped dart. The curare-tipped dart hits the jelly.
Throw: 6 darts (curare)
Press: ? - help, Q - select action, (/) - cycle Shift-Dir - straight line, f/p - jelly
Aim: a jelly (90% to hit)
You throw a curare-tipped dart. The curare-tipped dart hits the jelly.
Throw: 5 darts (curare)
Press: ? - help, Q - select action, (/) - cycle Shift-Dir - straight line, f/p - jelly
Aim: a jelly (90% to hit)
You throw a curare-tipped dart.
The curare-tipped dart completely misses the jelly.
You hit the jelly. The acid corrodes you!
Your tentacles burn!
The jelly is lightly wounded.
The jelly hits you.
You are splashed with acid.
You hit the jelly but do no damage. The acid corrodes you!
Your tentacles burn!
You squeeze the jelly, but do no damage.
The jelly is lightly wounded.
You barely miss the jelly. You tentacle-slap the jelly.
The jelly is lightly wounded.
The jelly hits you.
You are splashed with acid!
You hit the jelly but do no damage.
Your tentacles burn!
You squeeze the jelly.
The jelly is heavily wounded.
The jelly barely misses you.
You hit the jelly.
Your tentacles burn!
You squeeze the jelly, but do no damage.
The jelly is heavily wounded.
The jelly closely misses you.
You hit the jelly but do no damage. The acid corrodes you!
Your tentacles burn!
You squeeze the jelly, but do no damage.
The jelly is heavily wounded.
The jelly hits you.
* * * LOW HITPOINT WARNING * * *
You are splashed with acid!
* * * LOW HITPOINT WARNING * * *
You hit the jelly but do no damage.
Your tentacles burn!
* * * LOW HITPOINT WARNING * * *
The jelly is heavily wounded.
The jelly hits you.
You die... ##### # ...# ##. ###.# .##..##### #lJh#

.........###(###
......l...((.#
.......>J#####
.........#
.........#
.......###
.#####. #.


You could see an iguana and a jelly.

Vanquished Creatures
  An ogre (D:7)
  A kobold brigand (D:4)
  Blork the orc (D:4)
  A bullfrog (D:7)
  2 scorpions
  3 hounds
  2 bombardier beetles (D:3)
  4 iguanas
  An orc wizard (D:4)
  Natasha (twice) (D:3)
  An adder (D:4)
  A dart slug (D:1)
  A ribbon worm (D:4)
  2 orcs (D:4)
  6 ball pythons
  4 endoplasms
  3 giant cockroaches
  8 goblins
  4 hobgoblins
  5 jackals
  3 quokkas
  4 bats (D:1)
  4 frilled lizards
  9 kobolds
  6 rats
79 creatures vanquished.

Notes
Turn   | Place    | Note
-------+----------+-------------------------------------------
     0 | D:1      | Marvel the Octopode Shapeshifter began the quest for the
                  | Orb.
     0 | D:1      | Reached XP level 1. HP: 13/13 MP: 1/1
    91 | D:1      | Reached XP level 2. HP: 15/18 MP: 2/2
   440 | D:1      | Reached XP level 3. HP: 23/23 MP: 3/3
   914 | D:2      | Found a faded altar of an unknown god.
  1111 | D:3      | Reached skill level 1 in Stealth
  1111 | D:3      | Reached XP level 4. HP: 28/28 MP: 4/4
  1474 | D:3      | Found a runed translucent gate.
  1474 | D:3      | Found a runed translucent gate.
  1477 | D:3      | Noticed Natasha
  1479 | D:3      | Found a runed translucent gate.
  1490 | D:3      | Killed Natasha
  1491 | D:3      | Reached skill level 2 in Stealth
  1503 | D:3      | Noticed Couri's ghost (amateur OnWr)
  1504 | D:3      | Noticed a kobold brigand
  1530 | D:3      | Reached skill level 3 in Stealth
  1530 | D:3      | Reached XP level 5. HP: 34/34 MP: 5/5
  1609 | D:3      | Noticed Natasha
  1735 | D:3      | Killed Natasha
  1775 | D:4      | Reached skill level 1 in Short Blades
  1775 | D:4      | Reached skill level 4 in Stealth
  1775 | D:4      | Reached XP level 6. HP: 39/39 MP: 6/6
  2017 | D:4      | Reached skill level 5 in Stealth
  2085 | D:4      | Noticed Blork the orc
  2095 | D:4      | Killed Blork the orc
  2225 | D:4      | Reached XP level 7. HP: 35/45 MP: 7/7
  2298 | D:4      | Found an ancient bone altar of Kikubaaqudgha.
  2328 | D:4      | You fall into a shaft and drop 3 floors!
  2482 | D:7      | Reached skill level 6 in Stealth
  2516 | D:7      | Found a shimmering blue altar of Sif Muna.
  2580 | D:7      | Found a sparkling altar of Nemelex Xobeh.
  2638 | D:5      | Entered Level 5 of the Dungeon
  2655 | D:5      | Slain by a jelly

Illustrated notes

Levels and vault maps discovered:
D:1:      reono_arrival_mine, layout_basic
D:2:      layout_basic, hellmonk_ecumenical_altar_arch_garden
D:3:      layout_loops_ring, gammafunk_ghost_nasty_kobolds, uniq_natasha
D:4:      layout_basic, mainiacjoe_overflow_catwalk, nicolae_uskayaw_suspiria,
          uniq_blork_the_orc
D:5:      layout_rooms, makhleb_altar_promises_db, mainiacjoe_overflow_alcove_1,
          minmay_temple_entry_crystal_x, uniq_sigmund, uniq_eustachio,
          uniq_crazy_yiuf_cottage
D:6:      layout_rooms, nicolae_vehumet_radiance,
          mainiacjoe_overflow_tiny_flanked, serial_curves, eino_curves_02,
          eino_curves_03, portal_sewer_entry_d, grunt_decor_mini_mirrors
D:7:      layout_layer_cave, nicolae_sif_muna_little_library,
          nemelex_diamond_rough_becter, lemuel_zombie_altar_yredelemnul,
          nicolae_zen_rock_garden

Skill      XL: |  1  2  3  4  5  6  7 |
---------------+----------------------+-----
Stealth        | 1 3 4 5 6 |  6.7
Fighting       | 2 3 |  3.2
Short Blades   | 1 2 3 |  3.3
Shapeshifting  | 4 |  4.4
Dodging        | 3 |  3.4
Throwing       | |  0.1
Unarmed Combat | |  3.6

Action                     |  1- 3 |  4- 6 |  7- 9 || total
---------------------------+-------+-------+-------++-------
  Melee: Unarmed           |    46 |       |       ||    46
         Constrict         |    22 |    16 |     4 ||    42
         Tentacles         |    10 |    17 |     8 ||    35
         Punch             |     2 |       |     2 ||     4
         Dagger            |    28 |    21 |       ||    49
         Short sword       |       |    48 |    30 ||    78
  Throw: Dart              |     1 |       |     3 ||     4
    Use: Potion            |       |       |     2 ||     2
   Stab: Sleeping          |     3 |    11 |     4 ||    18
         Distracted        |       |     1 |       ||     1
 Armour: Skin              |    26 |    32 |    13 ||    71
  Dodge: Dodged            |    23 |    29 |    12 ||    64
   Form: Beast             |     1 |       |       ||     1
